cohdb
Replays
Latest Replays
All Replays
Popular Replays
Top Player Replays
Match Explorer
How It Works
Community
CoH3 Stats
Reddit
Sign in to upload your games and track your stats! →
Sign in with Steam
Match 42197356
Unlisted
Match 42197356
Overview
Messages
Build Orders
End
Pioneer Squad
Construct Infanterie Kompanie
Selects Mechanized Battlegroup
Grenadier Squad
MG 42 Machine Gun Team
MG 42 Machine Gun Team
Grenadier Squad
Construct Panzergrenadier Kompanie
251 Medium Carrier
Selects Raid Package
Pak 40 Anti-tank Gun Team
Pioneer Squad
Panzergrenadier Squad
Pioneer Squad
Selects StuG Assault Group
Pak 40 Anti-tank Gun Team
GenObi
Nostalgi@
0
0
Comments
sign in to comment!
No comments posted yet!